[Event "Titled Tuesday Blitz October 31 Late 2023"]
[White "Santos Flores, Alberto"]
[Black "Tokhirjonova, Gulrukhbegim"]
[WhiteFideId "3601234"]
[BlackFideId "14203626"]
[WhiteElo "2503"]
[BlackElo "2686"]
[Result "0-1"]
[Round "5"]
[TimeControl "180+1"]
[Date "2023.10.31"]
[WhiteClock "0:00:36"]
[BlackClock "0:00:11"]
[Board "60"]

1. e4 e5 2. Nf3 Nc6 3. Bc4 Bc5 4. O-O Nf6 5. d4 Bxd4 6. Nxd4 Nxd4 7. Bg5 d6 8. f4 Qe7 9. Nc3 c6 10. fxe5 dxe5 11. Qe1 Qc5 12. Bxf7+ Kxf7 13. Qf2 Rf8 14. Kh1 Kg8 15. Qg3 Qe7 16. Rf2 Bd7 17. Raf1 Kh8 18. Qh4 Ne6 19. Be3 Ng8 20. Qg3 Rxf2 21. Rxf2 Nd4 22. Bg5 Qd6 23. Rf7 Rf8 24. Be7 Rxf7 25. Bxd6 Rf1# 0-1


[Site "https://www.chess.com"]

[Event "Titled Tuesday Blitz October 31 Late 2023"]
[White "Mendez Fortes, Eduardo Jesus"]
[Black "Cervantes Landeiro, Thalia"]
[WhiteFideId "3502376"]
[BlackFideId "3520498"]
[WhiteElo "2673"]
[BlackElo "2502"]
[Result "1-0"]
[Round "5"]
[TimeControl "180+1"]
[Date "2023.10.31"]
[WhiteClock "0:01:23"]
[BlackClock "0:00:00"]
[Board "61"]

1. e4 c5 2. Nf3 d6 3. d4 cxd4 4. Nxd4 Nf6 5. Nc3 a6 6. Bg5 e6 7. f4 h6 8. Bh4 Qb6 9. a3 Nbd7 10. Bf2 Qc7 11. Qf3 Be7 12. O-O-O b5 13. g4 Bb7 14. Bg2 g5 15. h4 gxf4 16. g5 Ne5 17. Qxf4 hxg5 18. hxg5 Rxh1 19. Rxh1 Nfd7 20. Be3 Nf8 21. Bf1 Nfg6 22. Qg3 O-O-O 23. Kb1 Rh8 24. Rg1 Kb8 25. Qe1 Rc8 26. Be2 Qa5 27. Bd2 Qb6 28. Nb3 Nc4 29. Bxc4 bxc4 30. Be3 Qc7 31. Nd4 Ne5 32. g6 fxg6 33. Nxe6 Qa5 34. Qf2 Bc6 35. Bb6 Bh4 36. Qd4 1-0


[Site "https://www.chess.com"]

[Event "Titled Tuesday Blitz October 31 Late 2023"]
[White "Rosen, Eric"]
[Black "Buchenau, Frank"]
[WhiteFideId "2032562"]
[BlackFideId "4604350"]
[WhiteElo "2661"]
[BlackElo "2487"]
[Result "1-0"]
[Round "5"]
[TimeControl "180+1"]
[Date "2023.10.31"]
[WhiteClock "0:00:26"]
[BlackClock "0:00:00"]
[Board "62"]

1. e4 e6 2. f4 d5 3. e5 c5 4. Nf3 Nc6 5. c3 Nh6 6. Na3 Be7 7. Nc2 O-O 8. d4 cxd4 9. cxd4 Bd7 10. Bd3 Rc8 11. O-O b5 12. Kh1 Qb6 13. Be3 Nb4 14. Nxb4 Bxb4 15. Ng5 Nf5 16. Bf2 f6 17. exf6 gxf6 18. Nxh7 Kxh7 19. g4 Kg7 20. gxf5 Rh8 21. Qg4+ Kf8 22. Rg1 Ke8 23. Qg7 Rf8 24. a3 Be7 25. Rae1 Kd8 26. fxe6 Bxe6 27. f5 Rg8 28. Qxe7+ Kxe7 29. Rxe6+ Qxe6 30. fxe6 Rxg1+ 31. Kxg1 Rc1+ 32. Kg2 1-0


[Site "https://www.chess.com"]

[Event "Titled Tuesday Blitz October 31 Late 2023"]
[White "Olsen, Filip Boe"]
[Black "Suarez Uriel, Adrian"]
[WhiteFideId "1440640"]
[BlackFideId "22230874"]
[WhiteElo "2658"]
[BlackElo "2484"]
[Result "1/2-1/2"]
[Round "5"]
[TimeControl "180+1"]
[Date "2023.10.31"]
[WhiteClock "0:00:21"]
[BlackClock "0:01:50"]
[Board "63"]

1. d4 Nf6 2. g3 g6 3. Bg2 Bg7 4. e4 d6 5. Ne2 O-O 6. O-O Nbd7 7. c4 c5 8. Nbc3 cxd4 9. Nxd4 Nc5 10. h3 Bd7 11. Re1 a6 12. Be3 Qc7 13. Rc1 Rfc8 14. b4 Ne6 15. Nd5 Qd8 16. Nxe6 Bxe6 17. Nb6 Rab8 18. Nxc8 Rxc8 19. c5 d5 20. Bd4 dxe4 21. Bxf6 Bxf6 22. Qxd8+ Rxd8 23. Bxe4 Rb8 24. h4 Bxa2 25. Re2 Be6 26. Rb1 Kf8 27. b5 a5 28. c6 bxc6 29. bxc6 Rc8 30. Re3 a4 31. Ra3 Bb3 32. Kg2 Bd4 33. f4 e5 34. Kf3 f6 35. fxe5 Bxe5 36. Raxb3 axb3 37. Rxb3 Rc7 38. Rb8+ Ke7 39. Rh8 Kd6 40. Rd8+ Kc5 41. g4 f5 42. Rd5+ Kxc6 43. Rxe5+ fxe4+ 44. Kxe4 Kd6 45. Re8 Rc4+ 46. Kf3 h5 47. gxh5 gxh5 48. Kg3 Rg4+ 49. Kh3 Rf4 50. Rh8 Rf5 51. Re8 Re5 52. Rxe5 Kxe5 53. Kg3 Ke4 54. Kf2 Kf4 55. Kg2 Kg4 56. Kh2 Kxh4 57. Kh1 Kg4 58. Kh2 h4 59. Kh1 h3 60. Kh2 Kh4 61. Kh1 Kg3 62. Kg1 h2+ 63. Kh1 Kh3 1/2-1/2


[Site "https://www.chess.com"]

[Event "Titled Tuesday Blitz October 31 Late 2023"]
[White "Goltsev, Dmitry"]
[Black "Willy, Stephen"]
[WhiteFideId "24176710"]
[BlackFideId "30981468"]
[WhiteElo "2653"]
[BlackElo "2482"]
[Result "1-0"]
[Round "5"]
[TimeControl "180+1"]
[Date "2023.10.31"]
[WhiteClock "0:00:03"]
[BlackClock "0:00:15"]
[Board "64"]

1. e4 c6 2. d4 d5 3. Nc3 dxe4 4. Nxe4 Nf6 5. Qe2 Qxd4 6. Nxf6+ Qxf6 7. h3 Bf5 8. Nf3 e6 9. c3 Nd7 10. Bg5 Qg6 11. O-O-O Nf6 12. h4 h6 13. Ne5 Qh7 14. Nxc6 bxc6 15. Qa6 Be4 16. Qb7 Rd8 17. Rxd8+ Kxd8 18. Qb8+ Kd7 19. Qxa7+ Kd8 20. Qb8+ Kd7 21. Qb7+ Kd6 22. Bf4+ e5 23. Qb8+ Kd7 24. Bxe5 Bc5 25. Qc7+ Ke6 26. Bc4+ Kf5 27. f3 Be3+ 28. Kd1 Bd5 29. g4+ Nxg4 30. Bd3+ Ke6 31. Qd6# 1-0


[Site "https://www.chess.com"]

[Event "Titled Tuesday Blitz October 31 Late 2023"]
[White "reevecanada"]
[Black "Rakitic2010"]
[WhiteElo "2634"]
[BlackElo "2465"]
[Result "1-0"]
[Round "5"]
[TimeControl "180+1"]
[Date "2023.10.31"]
[WhiteClock "0:02:02"]
[BlackClock "0:00:23"]
[Board "65"]

1. e4 Nf6 2. e5 Nd5 3. c4 Nb6 4. d4 d6 5. f4 g5 6. Nc3 Bg7 7. c5 dxc5 8. dxc5 Qxd1+ 9. Kxd1 N6d7 10. Nd5 Kd8 11. Nf3 c6 12. Nxg5 cxd5 13. Nxf7+ Kc7 14. Nxh8 Bxh8 15. Be3 Nc6 16. a3 d4 17. Bf2 Nxc5 18. Rc1 Ne4 19. Bxd4 Bf5 20. Ke1 Rd8 21. Be3 Kb8 22. Be2 Bg7 23. g4 Be6 24. Bf3 Bd5 25. Ke2 b5 26. Rhd1 Nc3+ 27. bxc3 1-0


[Site "https://www.chess.com"]

[Event "Titled Tuesday Blitz October 31 Late 2023"]
[White "Haydon, David L"]
[Black "Jovic, Stanoje"]
[WhiteFideId "415405"]
[BlackFideId "905020"]
[WhiteElo "2619"]
[BlackElo "2440"]
[Result "1-0"]
[Round "5"]
[TimeControl "180+1"]
[Date "2023.10.31"]
[WhiteClock "0:00:47"]
[BlackClock "0:00:00"]
[Board "66"]

1. d4 Nf6 2. c4 e6 3. Nf3 d5 4. g3 Bb4+ 5. Bd2 Be7 6. Bc3 Ne4 7. Qc2 O-O 8. Bg2 b6 9. Ne5 f6 10. Nd3 c6 11. Nd2 f5 12. Bb4 Nd7 13. cxd5 cxd5 14. Qc6 Bxb4 15. Nxb4 Nxd2 16. Qxa8 Ne4 17. Rc1 Qe7 18. a3 a5 19. Nd3 Nd6 20. Qc6 Ba6 21. O-O Rc8 22. Qa4 Rxc1 23. Rxc1 Bxd3 24. exd3 Nf6 25. Qc6 b5 26. Qa8+ Kf7 27. Qxa5 Kg6 28. Qc7 Qf8 29. Rc6 Nfe8 30. Qd7 Kf6 31. b3 g5 32. a4 bxa4 33. bxa4 g4 34. a5 Nb5 35. Rxe6+ 1-0


[Site "https://www.chess.com"]

[Event "Titled Tuesday Blitz October 31 Late 2023"]
[White "Mazurkiewicz, Michal"]
[Black "Colbow, Collin"]
[WhiteFideId "1124943"]
[BlackFideId "16201132"]
[WhiteElo "2440"]
[BlackElo "2612"]
[Result "1-0"]
[Round "5"]
[TimeControl "180+1"]
[Date "2023.10.31"]
[WhiteClock "0:00:04"]
[BlackClock "0:00:00"]
[Board "67"]

1. e4 g6 2. d4 Bg7 3. Nc3 d6 4. f4 a6 5. a4 b6 6. Nf3 Bb7 7. Bd3 c5 8. Be3 cxd4 9. Bxd4 Nf6 10. O-O Nc6 11. Be3 O-O 12. h3 Rc8 13. Qe2 Nb4 14. Qf2 Nd7 15. Rad1 Nc5 16. Bd4 Bxd4 17. Qxd4 Qc7 18. Qf2 d5 19. e5 Nbxd3 20. cxd3 Nb3 21. Qh4 d4 22. Ng5 h5 23. Nce4 Bxe4 24. Nxe4 Nc5 25. Rde1 Nxe4 26. Rxe4 e6 27. g4 Qd8 28. Qg3 hxg4 29. hxg4 Rc2 30. f5 Qg5 31. fxe6 fxe6 32. Rxf8+ Kxf8 33. Qf4+ Qxf4 34. Rxf4+ Ke7 35. Rxd4 Rxb2 36. Rd6 Rb4 37. g5 Rxa4 38. Rxb6 Rg4+ 39. Kf2 Rxg5 40. d4 Rg4 41. Ke3 Rg3+ 42. Kf4 Ra3 43. Rb7+ Kd8 44. Rb6 Kd7 45. Rd6+ Ke7 46. Rb6 Ra4 47. Ke4 g5 48. Rb7+ Kf8 49. Rb6 Kf7 50. Rb7+ Ke8 51. Rg7 Ra1 52. Rxg5 Re1+ 53. Kd3 Kd7 54. Rg7+ Kc6 55. Re7 Rd1+ 56. Ke3 Kd5 57. Rd7+ Kc4 58. Rd6 a5 59. Rxe6 Re1+ 60. Kd2 Rh1 61. Rd6 a4 62. Ke3 a3 63. Ra6 Kb3 64. e6 Re1+ 65. Kf4 a2 66. d5 Kc4 67. Ra5 a1=Q 68. Rxa1 Rxa1 69. d6 Kd5 70. d7 Kxe6 71. d8=Q Rf1+ 72. Kg5 Rf6 73. Qxf6+ 1-0


[Site "https://www.chess.com"]

[Event "Titled Tuesday Blitz October 31 Late 2023"]
[White "Krishnan, Varun"]
[Black "Mindhunter08"]
[WhiteFideId "5054508"]
[WhiteElo "2611"]
[BlackElo "2433"]
[Result "1-0"]
[Round "5"]
[TimeControl "180+1"]
[Date "2023.10.31"]
[WhiteClock "0:00:12"]
[BlackClock "0:00:08"]
[Board "68"]

1. g3 d5 2. Bg2 g6 3. c4 dxc4 4. Qa4+ c6 5. Qxc4 Nf6 6. Nf3 Bg7 7. O-O O-O 8. Nc3 Be6 9. Qh4 Na6 10. a3 Nc5 11. b4 Nb3 12. Rb1 Nxc1 13. Rbxc1 h6 14. Qd4 Qb6 15. Na4 Qb5 16. Nc5 Rfd8 17. Qb2 Ne4 18. d4 Nxc5 19. Rxc5 Qb6 20. e3 a5 21. Rb1 axb4 22. axb4 Ra2 23. Qc3 Rda8 24. h4 R8a3 25. Qc1 Bf5 26. Rxf5 gxf5 27. b5 e6 28. Ne1 cxb5 29. Bf1 b4 30. Nd3 Rc3 31. Qd1 Bf8 32. Ne5 Rcc2 33. Bc4 Rab2 34. Rxb2 Rxb2 35. Qh5 Qc7 36. Bb5 Rb1+ 37. Kg2 Bg7 38. Be8 Bxe5 39. dxe5 Kg7 40. Qe2 Rc1 41. g4 Qe7 42. Ba4 Rc5 43. gxf5 exf5 44. f4 Qe6 45. Qd3 Rc3 46. Qd1 Qg6+ 47. Kf2 Qg4 48. Qd4 Qxh4+ 49. Ke2 Qh2+ 50. Kf3 Qh1+ 51. Kg3 Qg1+ 52. Kf3 Qg4+ 53. Kf2 Qh4+ 54. Kf3 Kh7 55. e6 Qh3+ 56. Kf2 Qh2+ 57. Kf3 fxe6 58. Qd7+ Kg6 59. Qe8+ Kg7 60. Qe7+ Kg8 61. Qxe6+ Kf8 62. Qf6+ Kg8 63. Qg6+ Kf8 64. Qxf5+ Ke7 65. Qe5+ Kf7 66. Qf5+ Kg7 67. Qe5+ Kg6 68. Qe6+ Kg7 69. Qe5+ Kf7 70. Qf5+ Ke7 71. Qe5+ Kd8 72. Qd6+ Kc8 73. Bd7+ Kd8 74. Be6+ Ke8 75. Qd7+ Kf8 76. Qf7# 1-0


[Site "https://www.chess.com"]

[Event "Titled Tuesday Blitz October 31 Late 2023"]
[White "Souleidis, Georgios"]
[Black "Zakarian, David"]
[WhiteFideId "4206827"]
[BlackFideId "13301276"]
[WhiteElo "2607"]
[BlackElo "2429"]
[Result "0-1"]
[Round "5"]
[TimeControl "180+1"]
[Date "2023.10.31"]
[WhiteClock "0:00:11"]
[BlackClock "0:01:25"]
[Board "69"]

1. e4 Nc6 2. d4 d5 3. e5 f6 4. f4 Bf5 5. c3 e6 6. Nd2 Nh6 7. Be2 Be7 8. Ndf3 O-O 9. h3 fxe5 10. g4 Bh4+ 11. Kf1 Be4 12. dxe5 Bg3 13. Qb3 Bxf4 14. Qxb7 Nxe5 15. Kg2 Rb8 16. Qa6 Bxc1 17. Rxc1 Rxb2 18. Qxe6+ Nhf7 19. Kg3 Re8 20. Qa6 Rb6 21. Qa4 Qd6 22. Rh2 Nxf3+ 0-1


[Site "https://www.chess.com"]

[Event "Titled Tuesday Blitz October 31 Late 2023"]
[White "Devagharan, Devina"]
[Black "Karamsetty, Jeevan"]
[WhiteFideId "2061600"]
[BlackFideId "2025337"]
[WhiteElo "2426"]
[BlackElo "2601"]
[Result "0-1"]
[Round "5"]
[TimeControl "180+1"]
[Date "2023.10.31"]
[WhiteClock "0:00:00"]
[BlackClock "0:00:32"]
[Board "70"]

1. d4 g6 2. c4 Bg7 3. Nc3 d6 4. e4 e5 5. d5 a5 6. Be3 Na6 7. Bd3 Bh6 8. Bxh6 Nxh6 9. Qd2 Ng8 10. Nge2 Qe7 11. f3 f5 12. O-O-O Nf6 13. h3 Bd7 14. g4 Nc5 15. Bc2 f4 16. Kb1 O-O 17. h4 h5 18. gxh5 Nxh5 19. Rdg1 Kh7 20. Rg5 a4 21. Rhg1 Rf6 22. Nd1 b5 23. Nf2 bxc4 24. Ng4 Bxg4 25. fxg4 Ng3 26. Nxg3 fxg3 27. h5 Raf8 28. hxg6+ Kg7 29. Rf5 Rxg6 30. Rh1 Rxf5 31. exf5 Qg5 32. Qg2 Rh6 33. Rf1 Qxg4 34. Bd1 Qe4+ 35. Qxe4 Nxe4 0-1


[Site "https://www.chess.com"]

[Event "Titled Tuesday Blitz October 31 Late 2023"]
[White "victormago"]
[Black "Ibadov, Dashgyn"]
[BlackFideId "24107514"]
[WhiteElo "2426"]
[BlackElo "2598"]
[Result "1/2-1/2"]
[Round "5"]
[TimeControl "180+1"]
[Date "2023.10.31"]
[WhiteClock "0:00:30"]
[BlackClock "0:00:02"]
[Board "71"]

1. d4 d5 2. c4 e6 3. Nc3 c6 4. e3 Nf6 5. Qc2 Nbd7 6. Nf3 Bd6 7. g4 h6 8. Rg1 dxc4 9. Bxc4 b5 10. Be2 Bb7 11. h4 b4 12. Na4 Qa5 13. b3 c5 14. g5 Be4 15. Qd2 Nd5 16. Bb2 Rd8 17. gxh6 Rxh6 18. Rc1 Rg6 19. Rxg6 Bxg6 20. a3 Kf8 21. dxc5 Nxc5 22. axb4 Nxb4 23. Nxc5 Bxc5 24. Rxc5 Rxd2 25. Rxa5 Rxb2 26. Rxa7 Rb1+ 27. Kd2 Rxb3 28. Ne5 Rb2+ 29. Ke1 Rb1+ 30. Kd2 Rb2+ 31. Ke1 Rb1+ 32. Kd2 Rb2+ 1/2-1/2


[Site "https://www.chess.com"]

[Event "Titled Tuesday Blitz October 31 Late 2023"]
[White "Bartel, Michal"]
[Black "Gabdushev, Ruslan"]
[WhiteFideId "1119257"]
[BlackFideId "4137833"]
[WhiteElo "2597"]
[BlackElo "2424"]
[Result "1-0"]
[Round "5"]
[TimeControl "180+1"]
[Date "2023.10.31"]
[WhiteClock "0:00:15"]
[BlackClock "0:00:00"]
[Board "72"]

1. e4 Nc6 2. g3 e5 3. Bg2 h5 4. h4 Bc5 5. Nf3 d6 6. c3 Bg4 7. d3 a5 8. Be3 Bxe3 9. fxe3 Nf6 10. Nbd2 b5 11. Qb3 Qb8 12. Ng5 O-O 13. O-O Qb6 14. Rae1 a4 15. Qc2 Nd8 16. d4 Ne6 17. Ngf3 Nd7 18. Kh1 Rae8 19. Nh2 Nf6 20. Ndf3 Nd8 21. Ng5 c5 22. d5 c4 23. Rf2 Bc8 24. Bf3 g6 25. Bd1 Nh7 26. Nhf3 f6 27. Nxh7 Kxh7 28. Qd2 Nf7 29. Ref1 Nh6 30. Ng5+ Kg7 31. Nf3 Bh3 32. Rg1 Bg4 33. Rgf1 Bh3 34. Rg1 Ng4 35. Re2 Rf7 36. Ree1 Ref8 37. Nh2 Nh6 38. g4 hxg4 39. Nxg4 Rh8 40. Qh2 Bxg4 41. Bxg4 Kf8 42. Be6 Rg7 43. Ref1 Ke7 44. Rf3 a3 45. bxa3 Qc5 46. Rgf1 f5 47. exf5 gxf5 48. Bxf5 Nxf5 49. Rxf5 Qxe3 50. h5 Rh6 51. Qh4+ Kd7 52. Rf7+ Rxf7 53. Rxf7+ Kc8 54. Qg4+ 1-0


[Site "https://www.chess.com"]

[Event "Titled Tuesday Blitz October 31 Late 2023"]
[White "Roberson, Peter T"]
[Black "Polaczek, Richard"]
[WhiteFideId "412384"]
[BlackFideId "200026"]
[WhiteElo "2597"]
[BlackElo "2422"]
[Result "1-0"]
[Round "5"]
[TimeControl "180+1"]
[Date "2023.10.31"]
[WhiteClock "0:02:15"]
[BlackClock "0:01:33"]
[Board "73"]

1. e4 Nf6 2. Nc3 d5 3. e5 Nfd7 4. d4 e6 5. f4 c5 6. Nf3 Nc6 7. Be3 Be7 8. Qd2 O-O 9. dxc5 Nxc5 10. O-O-O Rb8 11. Kb1 Qa5 12. Bxc5 Bxc5 13. Bd3 b5 14. Bxh7+ Kxh7 15. Ng5+ Kg8 16. Qd3 f5 17. exf6 Rxf6 18. Qh7+ Kf8 19. Qh8+ Ke7 20. Qxg7+ Kd6 21. Nce4# 1-0


[Site "https://www.chess.com"]

[Event "Titled Tuesday Blitz October 31 Late 2023"]
[White "Kozusek, Daniel"]
[Black "Spichkin, Alexander"]
[WhiteFideId "349500"]
[BlackFideId "4144074"]
[WhiteElo "2592"]
[BlackElo "2420"]
[Result "1-0"]
[Round "5"]
[TimeControl "180+1"]
[Date "2023.10.31"]
[WhiteClock "0:00:20"]
[BlackClock "0:00:40"]
[Board "74"]

1. d4 e6 2. c4 f5 3. Nc3 Nf6 4. e3 Bb4 5. Bd3 b6 6. Ne2 Bb7 7. f3 O-O 8. Qc2 Nh5 9. O-O c5 10. d5 Na6 11. a3 Ba5 12. e4 e5 13. exf5 d6 14. Ne4 Nc7 15. g4 Nf6 16. Bg5 b5 17. Bxf6 gxf6 18. b3 Kh8 19. N2g3 Bb6 20. Nh5 a5 21. Kh1 a4 22. Rad1 axb3 23. Qxb3 Ra5 24. f4 Nxd5 25. cxd5 c4 26. Bxc4 bxc4 27. Qxc4 Ba6 28. Qc6 Bxf1 29. Rxf1 Bc5 30. fxe5 fxe5 31. f6 Qa8 32. Qd7 Ra7 33. Qg7+ Rxg7 34. fxg7+ Kg8 35. Rxf8+ Qxf8 36. gxf8=R+ Kxf8 37. a4 Bb4 38. Kg2 Kf7 39. Kf3 Ke8 40. Neg3 Kd7 41. Ke4 Kc7 42. Nf5 Kb6 43. Nf6 Ka5 44. Nxh7 Kxa4 45. g5 1-0


[Site "https://www.chess.com"]

[Event "Titled Tuesday Blitz October 31 Late 2023"]
[White "Ezat, Mohamed"]
[Black "Kovalevsky, Stanislav"]
[WhiteFideId "10600906"]
[BlackFideId "13508598"]
[WhiteElo "2586"]
[BlackElo "2416"]
[Result "1-0"]
[Round "5"]
[TimeControl "180+1"]
[Date "2023.10.31"]
[WhiteClock "0:01:10"]
[BlackClock "0:00:39"]
[Board "75"]

1. d4 d5 2. c4 c6 3. Nc3 Nf6 4. cxd5 cxd5 5. Bf4 a6 6. e3 Nc6 7. Bd3 Bg4 8. Nge2 e6 9. O-O Bd6 10. f3 Bh5 11. Rc1 O-O 12. Na4 e5 13. dxe5 Nxe5 14. Nd4 Nxd3 15. Qxd3 Bg6 16. Qd2 b5 17. Nc5 Qb6 18. b4 a5 19. bxa5 Rxa5 20. Bxd6 Qxd6 21. Qxa5 Qe5 22. Qd2 Re8 23. Rfe1 h5 24. Nd3 Qd6 25. Nf4 h4 26. Nxb5 Qb6 27. Nxg6 fxg6 28. Nd4 h3 29. gxh3 Re5 30. Kh1 Rh5 31. Qg2 Kh7 32. Rg1 Nd7 33. Rc6 1-0


[Site "https://www.chess.com"]

[Event "Titled Tuesday Blitz October 31 Late 2023"]
[White "Hoffmann, Asa"]
[Black "Skatchkov, Valery"]
[WhiteFideId "2001470"]
[BlackFideId "24195812"]
[WhiteElo "2415"]
[BlackElo "2585"]
[Result "0-1"]
[Round "5"]
[TimeControl "180+1"]
[Date "2023.10.31"]
[WhiteClock "0:00:50"]
[BlackClock "0:01:52"]
[Board "76"]

1. d4 Nf6 2. Bg5 d5 3. Nd2 c5 4. e3 Nc6 5. c3 e5 6. Bb5 Bd6 7. dxe5 Bxe5 8. Ngf3 Bc7 9. O-O O-O 10. h3 h6 11. Bf4 Bxf4 12. exf4 Qb6 13. Bxc6 bxc6 14. Ne5 Ba6 15. Re1 Qxb2 16. Qb3 Rab8 17. Qxb2 Rxb2 18. Nb3 Ne4 19. Nxc6 c4 20. Nbd4 Nxc3 21. a4 Bb7 22. Ne7+ Kh8 23. Nef5 Ne4 24. f3 Nf6 25. Nd6 Rb6 26. N6f5 Rc8 27. Rab1 c3 28. a5 Rxb1 29. Rxb1 Ba6 30. Rc1 g6 31. Nd6 Rc7 32. g4 Kg7 33. g5 Nh5 34. f5 hxg5 35. fxg6 Kxg6 36. Kf2 Nf4 37. Ke3 Re7+ 0-1


[Site "https://www.chess.com"]

[Event "Titled Tuesday Blitz October 31 Late 2023"]
[White "Stanojevic, Ilija"]
[Black "Tifferet, Shaked"]
[WhiteFideId "959995"]
[BlackFideId "2811529"]
[WhiteElo "2384"]
[BlackElo "2585"]
[Result "1-0"]
[Round "5"]
[TimeControl "180+1"]
[Date "2023.10.31"]
[WhiteClock "0:00:19"]
[BlackClock "0:00:12"]
[Board "77"]

1. d4 d5 2. c4 c6 3. Nf3 Nf6 4. Nc3 a6 5. g3 g6 6. Bg2 Bg7 7. O-O O-O 8. b3 b5 9. Ne5 Be6 10. Ba3 Qb6 11. Bxe7 Re8 12. Bc5 Qb7 13. cxd5 cxd5 14. b4 Nbd7 15. Nxd7 Qxd7 16. e3 h5 17. Re1 h4 18. a4 Bh3 19. Qf3 Bg4 20. Qf4 h3 21. Bf3 Bxf3 22. Qxf3 Ne4 23. Nxe4 dxe4 24. Qe2 bxa4 25. Ra2 Qb5 26. Rea1 Reb8 27. Qd1 a5 28. Rxa4 Ra6 29. Rxa5 Rxa5 30. bxa5 Qd3 31. a6 Rb2 32. Qxd3 exd3 33. a7 d2 34. a8=Q+ Kh7 35. Qf3 Rc2 36. Qd1 Rb2 37. Rb1 Ra2 38. Bb4 f5 39. Bxd2 g5 40. f3 f4 41. gxf4 gxf4 42. Kf2 fxe3+ 43. Kxe3 Bh6+ 44. f4 Ra3+ 45. Ke4 Ra7 46. Qh5 Re7+ 47. Kf3 Re6 48. Rb7+ Re7 49. Rxe7+ Kg8 50. Qf7+ 1-0


[Site "https://www.chess.com"]

[Event "Titled Tuesday Blitz October 31 Late 2023"]
[White "Colas, Joshua"]
[Black "Dmitrenko, Viktor"]
[WhiteFideId "2044447"]
[BlackFideId "14110270"]
[WhiteElo "2582"]
[BlackElo "2368"]
[Result "0-1"]
[Round "5"]
[TimeControl "180+1"]
[Date "2023.10.31"]
[WhiteClock "0:00:52"]
[BlackClock "0:00:33"]
[Board "78"]

1. c4 e5 2. Nc3 Nc6 3. Nf3 Nf6 4. e4 Bc5 5. Nxe5 O-O 6. Nxc6 dxc6 7. d3 Ng4 8. Be3 Nxe3 9. fxe3 Bxe3 10. Qf3 Bh6 11. Be2 Qd4 12. Kd1 f5 13. Kc2 b5 14. exf5 bxc4 15. Qxc6 Bxf5 16. Qd5+ Qxd5 17. Nxd5 Rae8 18. Rae1 Rxe2+ 19. Rxe2 cxd3+ 0-1


[Site "https://www.chess.com"]

[Event "Titled Tuesday Blitz October 31 Late 2023"]
[White "Ramadoss, Ashokkumar"]
[Black "Ordekalog"]
[WhiteFideId "5040990"]
[WhiteElo "2383"]
[BlackElo "2580"]
[Result "1/2-1/2"]
[Round "5"]
[TimeControl "180+1"]
[Date "2023.10.31"]
[WhiteClock "0:01:17"]
[BlackClock "0:00:55"]
[Board "79"]

1. Nf3 d5 2. c4 e6 3. Qc2 Nf6 4. d4 Be7 5. cxd5 exd5 6. Bg5 O-O 7. e3 h6 8. Bh4 Ne4 9. Bxe7 Qxe7 10. Bd3 Qb4+ 11. Nc3 f5 12. O-O c6 13. a3 Qd6 14. Ne5 Nd7 15. Nxd7 Bxd7 16. f3 Ng5 17. f4 Ne4 18. Nxe4 fxe4 19. Be2 g5 20. fxg5 hxg5 21. Rxf8+ Rxf8 22. Rf1 b6 23. b4 g4 24. Qd1 g3 25. Rxf8+ Kxf8 26. Qf1+ Ke7 27. hxg3 Qxg3 28. Qf2 Qg5 29. g3 a5 30. Qf4 Qxf4 31. gxf4 axb4 32. axb4 Kd6 33. Kf2 c5 34. bxc5+ bxc5 35. dxc5+ Kxc5 36. Kg3 d4 1/2-1/2


[Site "https://www.chess.com"]

[Event "Titled Tuesday Blitz October 31 Late 2023"]
[White "Freile Martin, Javier"]
[Black "Kochiev, Ivan"]
[WhiteFideId "3600165"]
[BlackFideId "2917890"]
[WhiteElo "2347"]
[BlackElo "2579"]
[Result "0-1"]
[Round "5"]
[TimeControl "180+1"]
[Date "2023.10.31"]
[WhiteClock "0:01:14"]
[BlackClock "0:00:03"]
[Board "80"]

1. c4 e5 2. Nc3 Nf6 3. Nf3 Nc6 4. a3 a5 5. e3 d5 6. cxd5 Nxd5 7. Qc2 Nxc3 8. bxc3 Bd6 9. Rb1 O-O 10. Bc4 Re8 11. h4 Be6 12. Bxe6 Rxe6 13. Ng5 Rh6 14. Rxb7 a4 15. Qf5 Qe8 16. Ne4 Na5 17. Nxd6 Rxd6 18. Rb4 Nb3 19. O-O g6 20. Qe4 Rad8 21. d4 f5 22. Qc2 e4 23. Rxb3 axb3 24. Qxb3+ Kg7 25. c4 g5 26. hxg5 Qh5 27. Qb7 R8d7 28. d5 Qxg5 29. Bb2+ Kh6 30. Qc8 Rg6 31. Qxd7 Qxg2# 0-1


[Site "https://www.chess.com"]

[Event "Titled Tuesday Blitz October 31 Late 2023"]
[White "Shapiro, Viktor"]
[Black "Bogaudinov, Rushan"]
[WhiteFideId "4175700"]
[BlackFideId "4129288"]
[WhiteElo "2570"]
[BlackElo "2365"]
[Result "1-0"]
[Round "5"]
[TimeControl "180+1"]
[Date "2023.10.31"]
[WhiteClock "0:00:20"]
[BlackClock "0:00:09"]
[Board "81"]

1. c4 Nf6 2. Nc3 e5 3. g3 d6 4. Bg2 Nc6 5. d3 g6 6. Rb1 a5 7. a3 Bg7 8. b4 axb4 9. axb4 O-O 10. b5 Nd4 11. e3 Ne6 12. Nf3 Nc5 13. O-O e4 14. Ne1 exd3 15. Nxd3 Nxd3 16. Qxd3 Nd7 17. Nd5 Nc5 18. Qc2 Re8 19. e4 f5 20. b6 cxb6 21. Nxb6 Ra6 22. Nxc8 Qxc8 23. exf5 Qxf5 24. Qxf5 gxf5 25. Bxb7 Nxb7 26. Rxb7 Rc8 27. Re1 Be5 28. Bh6 Rac6 29. f4 Bd4+ 30. Kg2 R6c7 31. Rxc7 Rxc7 32. Re6 Rc6 33. Bg5 Kf7 34. Re7+ Kg6 35. Rd7 Bc5 36. Be7 h6 37. Bf8 Bb4 38. Kh3 Rxc4 39. Bxd6 Rd4 40. Bxb4 Rxd7 41. Bc3 Kh5 42. Kg2 Kg6 43. h3 Rd3 44. Be1 h5 45. Bf2 Rb3 46. Be1 h4 47. gxh4 Kh5 48. Bf2 Rd3 49. Bg3 Rd4 50. Kf3 Rc4 51. Bf2 Rc3+ 52. Kg2 Rb3 53. Bg3 Kg6 54. Bf2 Rc3 55. Bg3 Ra3 56. Bf2 Ra2 57. Kf3 Kh5 58. Bg3 Ra1 59. Bf2 Rb1 60. Kg2 Rb3 61. Bg3 Rd3 62. Bf2 Rd4 63. Bg3 Rd8 64. Kf3 Rh8 65. Bf2 Kg6 66. Bg3 Re8 67. Bf2 Rh8 68. Bg3 Kf6 69. Bf2 Ke6 70. Bg3 Ra8 71. Bf2 Ra3+ 72. Kg2 Kd5 73. h5 Ke4 74. h6 Ra7 75. Bh4 Rh7 76. Bg5 Ke3 77. Kg3 Ke4 78. Kh4 Kd5 79. Kh5 Ke6 80. Kg6 Rh8 81. Kg7 Ra8 82. h7 Ra7+ 83. Kg6 Ra8 84. Bf6 Ra2 85. h8=Q Rg2+ 86. Bg5 1-0


[Site "https://www.chess.com"]

[Event "Titled Tuesday Blitz October 31 Late 2023"]
[White "Jaskolka, Tomasz"]
[Black "Senft, Sean"]
[WhiteFideId "1170791"]
[BlackFideId "2044960"]
[WhiteElo "2565"]
[BlackElo "2345"]
[Result "1-0"]
[Round "5"]
[TimeControl "180+1"]
[Date "2023.10.31"]
[WhiteClock "0:00:12"]
[BlackClock "0:00:06"]
[Board "82"]

1. e4 c5 2. Nf3 d6 3. Bb5+ Bd7 4. c4 Nf6 5. Nc3 g6 6. d3 Bg7 7. O-O O-O 8. h3 a6 9. Bxd7 Nbxd7 10. Be3 Ne8 11. Qd2 Rb8 12. b3 b5 13. Rab1 b4 14. Ne2 Nc7 15. Bh6 Ne6 16. Bxg7 Kxg7 17. d4 cxd4 18. Nfxd4 Nxd4 19. Nxd4 Qb6 20. Kh1 Nc5 21. Rbe1 Ne6 22. Nxe6+ fxe6 23. f4 Rf7 24. Rf3 Rbf8 25. Ref1 Kg8 26. f5 exf5 27. exf5 gxf5 28. Qg5+ Rg7 29. Rxf5 Rxf5 30. Qxf5 Qd8 31. Qe6+ Kh8 32. Rf5 Rg6 33. Qe1 e5 34. Qxb4 Qg8 35. Qd2 Qe6 36. Qf2 Kg7 37. Qa7+ Kh6 38. Rf7 e4 39. Rxh7+ Kg5 40. Qe3+ Kf5 41. Rh4 Kf6 42. Rf4+ Kg7 43. Rxe4 Qf6 44. Re7+ Kf8 45. Re4 Qa1+ 46. Qg1 Qxa2 47. Rf4+ Kg7 48. Qf1 Qxb3 49. Rf7+ Kh6 50. Qf4+ Kh5 51. Rh7+ Rh6 52. Rxh6# 1-0


[Site "https://www.chess.com"]